 Dungeon Crawl Stone Soup version 0.27-a0-577-ge2a43ba0c9 (webtiles) character file.

Game seed: 15988381472506884410

267810 Anon1729 the Stormcaller (level 19, 0/135 HPs)
             Began as a Demigod Air Elementalist on Mar 9, 2021.
             Splashed by an acid blob's acid (4 damage)
             ... on level 3 of the Pits of Slime.
             The game lasted 02:36:22 (81161 turns).

Anon1729 the Stormcaller (DgAE)                    Turns: 81161, Time: 02:36:23

Health: 0/135      AC:  4    Str: 11    XL:     19   Next: 1%
Magic:  0/41       EV: 13    Int: 43    God:
Gold:   4363       SH:  0    Dex: 14    Spells: 4/44 levels left

rFire    . . .     SeeInvis +   a - +10 morningstar "Eos" {elec, Halo rElec}
rCold    . . .     Faith    .   (no shield)
rNeg     . . .     Spirit   +   W - +0 acid dragon scales
rPois    .         Reflect  .   R - +1 hat {SInv}
rElec    +         Harm     .   y - scarf {+Inv}
rCorr    +         Rampage  .   o - +0 pair of gloves
Will     +....                  O - +1 pair of boots
Stlth    +.........             T - amulet of guardian spirit
HPRegen  0.32/turn              i - ring of wizardry
MPRegen  0.27/turn              X - ring "Jiekuh" {AC+4 Slay+3}

@: corroded, glowing
A: horns 1, iridescent scales 1, blink, clever 1, high mp 1, strong 1, forlorn,
subdued magic 1
}: 1/15 runes: serpentine
a: Blink, Evoke Invisibility


You were on level 3 of the Pits of Slime.
You visited 8 branches of the dungeon, and saw 38 of its levels.
You also visited: Bailey and Gauntlet.

You collected 5036 gold pieces.
You spent 673 gold pieces at shops.

Inventory:

Hand Weapons
 a - the +10 morningstar "Eos" (weapon) {elec, Halo rElec}
   (You took it off a minotaur in a Gauntlet)

   Occasionally, upon striking a foe, it can discharge electrical energy and
   cause terrible harm.
   It insulates you from electricity.
 F - the +4 short sword of Mouguv {vorpal, rC+ Will+}
   (You found it on level 1 of the Lair of Beasts)

   It inflicts extra damage upon your enemies.
   It protects you from cold.
   It affects your willpower, your defense against some magical effects.
 I - the +12 Vampire's Tooth {vamp}
   (You found it on level 14 of the Dungeon)

   It inflicts no extra harm, but heals its wielder when it wounds a living foe.
 N - the +9 staff of Olgreb {rPois∞}
   (You found it on level 6 of the Dungeon)

   It may poison the flesh of those it strikes, and is more effective with a
   high Evocations skill.
   It enhances your poison magic.
   It grants immunity to poison.
   It can be evoked to poison those around you for a time.
Armour
 o - a +0 pair of gloves (worn)
 y - a scarf of invisibility (worn)
 O - a +1 pair of boots (worn)
 P - +0 swamp dragon scales
 R - a +1 hat of see invisible (worn)
 W - +0 acid dragon scales (worn)
Magical Staves
 b - a staff of conjuration
Jewellery
 i - a ring of wizardry (left hand)
 C - a ring of protection from cold
 D - a ring of poison resistance
 L - a ring of willpower
 T - an amulet of guardian spirit (around neck)
 X - the ring "Jiekuh" (right hand) {AC+4 Slay+3}
   (You found it in a Gauntlet)

   [ring of protection]

   It affects your AC (+4).
   It affects your accuracy and damage with ranged weapons and melee attacks
   (+3).
Wands
 p - a wand of paralysis (10)
 q - a wand of polymorph (20)
 v - a wand of acid (2)
 w - a wand of iceblast (24)
 J - a wand of charming (20)
 K - a wand of digging (17)
 U - a wand of flame (64)
Scrolls
 c - 4 scrolls of magic mapping
 g - 5 scrolls of enchant armour
 h - 7 scrolls of teleportation
 j - 5 scrolls of fog
 l - 3 scrolls of immolation
 r - 16 scrolls of identify
 A - 2 scrolls of brand weapon
 B - 10 scrolls of enchant weapon
 E - 6 scrolls of fear
 V - a scroll of silence
 Y - 2 scrolls of summoning
 Z - 4 scrolls of amnesia
Potions
 d - 2 potions of ambrosia
 f - 8 potions of curing
 k - 2 potions of cancellation
 m - 2 potions of mutation
 n - 2 potions of resistance
 s - 2 potions of invisibility
 t - 3 potions of haste
 u - 6 potions of lignification
 x - 2 potions of berserk rage
 z - 4 potions of brilliance
 G - 10 potions of might
 H - 4 potions of attraction
 S - 4 potions of flight
Miscellaneous
 e - a tin of tremorstones (2/2)
 M - a phantom mirror
 Q - a box of beasts


   Skills:
 - Level 4.0 Fighting
 - Level 8.1(10.4) Maces & Flails
 - Level 10.3(11.4) Staves
 * Level 4.8 Dodging
 - Level 2.0 Stealth
 + Level 13.3 Spellcasting
 + Level 14.2 Conjurations
 * Level 19.1 Air Magic
 - Level 6.2 Poison Magic
 - Level 10.0 Evocations


You had 4 spell levels left.
You knew the following spells:

 Your Spells              Type           Power      Damage    Failure   Level
a - Shock                 Conj/Air       100%       1d9       0%          1
b - Swiftness             Air            99%        N/A       0%          2
c - Static Discharge      Conj/Air       93%        N/A       0%          3
d - Airstrike             Air            49%        N/A       0%          4
e - Lightning Bolt        Conj/Air       46%        1d66      0%          5
f - Summon Lightning Spi  Summ/Air       71%        N/A       1%          4
h - Blink                 Tloc           N/A        N/A       1%          2
i - Mephitic Cloud        Conj/Pois/Air  83%        N/A       0%          3
j - Orb of Destruction    Conj           43%        9d14      1%          7
t - Tornado               Air            49%        N/A       21%         9

Your spell library contained the following spells:

 Spells                   Type           Power      Damage    Failure   Level
 Magic Dart               Conj           100%       1d8       0%          1
 Corona                   Hex            24%        N/A       1%          1
 Foxfire                  Conj/Fire      100%       2x1d9     1%          1
 Sandblast                Erth           44%        2d11      1%          1
 Summon Small Mammal      Summ           88%        N/A       1%          1
 Call Imp                 Summ           22%        N/A       1%          2
 Ensorcelled Hibernation  Hex/Ice        44%        N/A       1%          2
 Passwall                 Tmut/Erth      18%        N/A       1%          2
 Slow                     Hex            22%        N/A       1%          2
 Confusing Touch          Hex            22%        N/A       1%          3
 Conjure Flame            Conj/Fire      62%        6-21      1%          3
 Dazzling Flash           Conj/Hex       100%       N/A       1%          3
 Inner Flame              Hex/Fire       22%        N/A       1%          3
 Stone Arrow              Conj/Erth      100%       3d13      1%          3
 Tukima's Dance           Hex            22%        N/A       1%          3
 Sticky Flame             Conj/Fire      62%        2d8       1%          4
 Animate Armour           Summ/Erth      44%        N/A       5%          4
 Cause Fear               Hex            11%        N/A       5%          4
 Leda's Liquefaction      Hex/Erth       11%        N/A       5%          4
 Passage of Golubria      Tloc           N/A        N/A       5%          4
 Petrify                  Tmut/Erth      22%        N/A       5%          4
 Summon Ice Beast         Ice/Summ       22%        N/A       5%          4
 Bolt of Magma            Conj/Fire/Erth 26%        4d12      1%          5
 Fireball                 Conj/Fire      31%        3d13      1%          5
 Iskenderun's Battlesphe  Conj           86%        2d13      1%          5
 Silence                  Hex/Air        35%        N/A       1%          5
 Iron Shot                Conj/Erth      31%        9d6       4%          6
 Agony                    Necr           22%        N/A       16%         5
 Lee's Rapid Deconstruct  Erth           11%        3d9*      16%         5
 Yara's Violent Unravell  Hex/Tmut       11%        3d6       16%         5
 Spellforged Servitor     Conj/Summ      31%        N/A       26%         7
 Invisibility             Hex            22%        N/A       63%         6
 Statue Form              Tmut/Erth      14%        N/A       63%         6
 Dragon Form              Tmut           11%        N/A       99%         7
 Malign Gateway           Summ/Tloc      11%        N/A       99%         7
 Discord                  Hex            11%        N/A       100%        8
 Dragon's Call            Summ           11%        N/A       100%        9
 Shatter                  Erth           11%        3d12*     100%        9


Dungeon Overview and Level Annotations

Branches:
Dungeon (15/15)            Temple (0/1) D:6            Lair (6/6) D:8
  Swamp (2/4) Lair:3        Snake (4/4) Lair:3        Slime (5/5) Lair:5
    Orc (2/2) D:12            Elf (3/3) Orc:2        Vaults (0/5) D:13
 Depths (1/5) D:15         Bailey (visited)         Gauntlet (visited)

Shops:
D:6 (   D:15 [   Orc:2 [(([

Annotations:
D:2 Grinder
D:6 1 runed translucent door
D:9 1 runed translucent door, HoaS's ghost, novice DgGl
D:10 Erolcha
D:15 exclusion: downstairs
Slime:5 Royal Jelly
Elf:2 3 runed translucent doors, exclusion: downstairs
Depths:1 Bai Suzhen


Innate Abilities, Weirdness & Mutations

Your attributes grow dramatically as you level up.
You have an increased reservoir of magic. (+10% MP)
You shall have no god before yourself.
You have a pair of small horns on your head.
You are partially covered in iridescent scales. (AC +2)
You can translocate small distances at will.
Your mind is acute. (Int +2)
Your muscles are strong. (Str +2)
Your spells are a little easier to cast, but a little less powerful.


Message History

The air twists around and strikes the acid blob!!
The acid blob is almost dead.
The eye of draining turns its gaze towards you.
Casting: Airstrike (safe; 0% risk of failure)
Confirm with . or Enter, or press ? or * to list all spells.
You don't have enough magic to cast this spell.
Unknown command.
A slime creature comes into view.
A slime creature comes into view.
The acid blob spits acid at you. The splash of acid hits you. You resist.
The acid corrodes you!
You are splashed with acid.
You resist. The acid blob hits you!!
You are splashed with acid.
You resist.
A slime creature comes into view.
A shining eye comes into view.
The eye of draining gazes at you.
You feel your power leaking away.
The acid blob hits you but does no damage.
The shining eye turns its gaze towards you.
You sock the acid blob!
Your hands burn!
Your headbutt misses the acid blob.
The acid blob is almost dead.
The acid blob hits you!!!
* * * LOW HITPOINT WARNING * * *
You are splashed with acid.
You resist.
* * * LOW HITPOINT WARNING * * *
Two slime creatures merge to form a large slime creature.
The acid blob spits acid at you. The splash of acid hits you. You resist.
* * * LOW HITPOINT WARNING * * *
You are splashed with acid.
You resist.
* * * LOW HITPOINT WARNING * * *
The acid blob spits acid at you. The splash of acid hits you. You resist.
* * * LOW HITPOINT WARNING * * *
The acid corrodes you!
You are splashed with acid.
You resist.
* * * LOW HITPOINT WARNING * * *
The acid blob spits acid at you. The splash of acid hits you. You resist.
* * * LOW HITPOINT WARNING * * *
You are splashed with acid.
You resist.
You die...

#.# ##.## #...########
######.....##..#.
#.....#..........
##......#.........
###..._............. ##
##...................
....#.###...@........<.......
......G#....................#
......#.JJ...........>.......
....#.........##.............
....G.J.J....###.............
........#.....##.............
..............#.........##...
..............##.............
.............####.#.....#....


You could see an acid blob, a large slime creature and 2 slime creatures.

Vanquished Creatures
  Frances (D:13)
  13 acid blobs
  9 nagarajas
  4 azure jellies
  Roxanne (D:14)
  2 orc warlords (Orc:2)
  A deep elf sorcerer (Elf:2)
  A stone giant (D:15)
  2 vampire knights (D:14)
  A minotaur (Gauntlet)
  2 deep elf demonologists
  A bunyip (Swamp:2)
  4 dire elephants (Lair:6)
  An entropy weaver (Gauntlet)
  2 deep elf death magi
  Snorg (Lair:3)
  The ghost of semitonal the Impaler, a journeyman MfGl of Okawaru (Lair:2)
  2 ettins
  5 death oozes
  2 eleionomae (Lair:3)
  Josephine (D:11)
  5 great orbs of eyes
  A yaktaur captain (D:15)
  3 boulder beetles
  14 hydras
  13 naga warriors
  9 centaur warriors
  Harold (D:7)
  17 anacondas
  A catoblepas (Lair:5)
  16 dancing weapons
  9 two-headed ogres
  A tengu warrior (D:15)
  Urug (D:13)
  11 naga sharpshooters
  5 shock serpents
  12 deep elf knights
  Sonja (Lair:4)
  7 skeletal warriors
  9 salamander mystics
  An unseen horror (D:14)
  A sea snake (shapeshifter) (Elf:2)
  A sea snake (Snake:4)
  4 spriggan druids
  10 deep elf archers
  A lindwurm (Lair:6)
  A bog body (Swamp:1)
  5 naga ritualists
  A swamp dragon (Swamp:1)
  A wolf spider (D:15)
  16 deep elf pyromancers
  27 deep elf zephyrmancers
  9 shining eyes
  5 orc knights
  4 orc sorcerers
  11 mana vipers
  16 salamanders
  3 manticores
  A worldbinder (Gauntlet)
  An oklob plant (Lair:3)
  A will-o-the-wisp (Swamp:1)
  4 ugly things
  6 cyclopes
  11 elephants (Lair:6)
  Maurice (D:11)
  44 black mambas
  10 guardian serpents
  An eye of devastation (Slime:3)
  3 gargoyles
  A guardian serpent (shapeshifter) (D:14)
  27 naga magi
  Joseph (D:7)
  2 minotaur zombies (Gauntlet)
  Maggie (Lair:2)
  2 rime drakes
  16 cane toads
  14 komodo dragons
  2 efreet
  A yaktaur (D:15)
  A kobold demonologist (D:14)
  2 tengu conjurers
  A jumping spider (Gauntlet)
  2 trolls (D:15)
  A bloated husk (Swamp:1)
  3 meliai
  5 polar bears
  A hornet (Swamp:1)
  6 tyrant leeches
  17 blink frogs
  52 slime creatures
  A spectral black mamba (Lair:3)
  3 shadows
  3 air elementals (Elf:1)
  6 spriggans (Swamp:1)
  2 water elementals
  2 vampires
  A fire elemental (Elf:2)
  A wyvern (D:15)
  33 yaks
  A redback (Gauntlet)
  6 wraiths
  5 basilisks
  16 vampire mosquitoes
  A death yak simulacrum (Lair:2)
  3 golden eyes (Slime:2)
  Menkaure (D:6)
  54 nagas
  5 wargs
  5 swamp worms
  An acid dragon (D:13)
  6 soldier ants
  A spectral cane toad (Lair:2)
  Duvessa (D:7)
  45 water moccasins
  4 black bears
  41 orc warriors
  A swamp drake (Swamp:1)
  2 sky beasts
  3 eyes of draining
  2 necrophages
  13 ogres
  6 ice beasts
  A boggart (Gauntlet)
  12 wolves
  19 centaurs
  2 phantoms
  Blork the orc (D:5)
  22 bullfrogs
  4 kobold brigands
  An earth elemental (Elf:1)
  A wyvern skeleton (D:11)
  Dowan (D:7)
  2 scorpions
  A water moccasin skeleton (D:9)
  8 killer bees (D:6)
  28 wights
  2 electric eels (Lair:3)
  6 howler monkeys
  4 centaur zombies
  A komodo dragon simulacrum (Lair:2)
  A bullfrog zombie (D:9)
  4 hounds
  5 bullfrog skeletons
  33 orc priests
  24 jellies
  3 centaur skeletons
  Jessica (D:3)
  12 worker ants
  Natasha (thrice) (D:3)
  7 iguanas
  34 orc wizards
  2 hound zombies (D:9)
  2 hound skeletons
  A howler monkey zombie (D:9)
  A worker ant zombie (D:10)
  12 adders
  3 gnolls (D:6)
  A shadow imp (D:6)
  6 white imps
  A worker ant simulacrum (D:9)
  An ufetubus (D:5)
  3 oozes
  2 adder skeletons
  2 adder zombies
  2 worms
  A dart slug (D:4)
  4 leopard geckos
  136 orcs
  7 ball pythons
  7 giant cockroaches
  11 hobgoblins
  7 jackals
  39 kobolds
  6 quokkas
  3 bats
  2 frilled lizards
  17 goblins
  A jackal skeleton (D:4)
  A quokka skeleton (D:4)
  A quokka zombie (D:8)
  9 rats
1360 creatures vanquished.

Vanquished Creatures (collateral kills)
  Rupert (D:14)
  An eleionoma (Swamp:2)
  A boulder beetle (D:15)
  A ghost crab (Swamp:2)
  A dancing weapon (D:13)
  An orc knight (D:15)
  A deep elf pyromancer (Elf:1)
  A deep elf zephyrmancer (Elf:1)
  A centaur skeleton (D:15)
  A centaur simulacrum (D:15)
  A phantom (D:14)
  An orc priest (D:15)
  An iguana (D:14)
13 creatures vanquished.

Vanquished Creatures (others)
  A salamander (Snake:3)
  63 fungi
  92 plants
156 creatures vanquished.

Grand Total: 1529 creatures vanquished

Notes
Turn   | Place    | Note
-------+----------+-------------------------------------------
     0 | D:1      | Anon1729 the Demigod Air Elementalist began the quest for
                  | the Orb.
     0 | D:1      | Reached XP level 1. HP: 14/14 MP: 5/5
    90 | D:1      | Reached skill level 1 in Conjurations
   562 | D:1      | Reached XP level 2. HP: 20/20 MP: 5/7
  1058 | D:2      | Reached skill level 3 in Air Magic
  1218 | D:2      | Reached XP level 3. HP: 26/26 MP: 1/8
  1854 | D:2      | Noticed a bullfrog
  1864 | D:2      | Killed a bullfrog
  1865 | D:2      | Reached XP level 4. HP: 15/33 MP: 10/10
  2352 | D:3      | Noticed Natasha
  2367 | D:3      | Killed Natasha
  2368 | D:3      | Reached skill level 4 in Air Magic
  2368 | D:3      | Reached XP level 5. HP: 36/38 MP: 12/12
  2448 | D:3      | Learned a level 2 spell: Swiftness
  2452 | D:3      | Learned a level 3 spell: Static Discharge
  2536 | D:3      | Noticed Jessica
  2542 | D:3      | Killed Jessica
  2624 | D:3      | Noticed Grinder
  2725 | D:3      | Noticed Natasha
  2728 | D:3      | Killed Natasha
  2868 | D:3      | Noticed Natasha
  2874 | D:3      | Killed Natasha
  3226 | D:3      | Reached XP level 6. HP: 45/45 MP: 13/13
  3642 | D:4      | Reached skill level 5 in Air Magic
  3840 | D:4      | Reached XP level 7. HP: 47/50 MP: 13/15
  4415 | D:5      | Entered Level 5 of the Dungeon
  4665 | D:5      | Learned a level 4 spell: Airstrike
  4693 | D:5      | Reached skill level 6 in Air Magic
  4977 | D:5      | Noticed Blork the orc
  4985 | D:5      | Killed Blork the orc
  5832 | D:5      | Reached XP level 8. HP: 57/57 MP: 14/18
  6453 | D:6      | Found Neumoumo's Antique Weapon Shoppe.
  6624 | D:6      | Found the +9 staff of Olgreb {rPois∞}
  6626 | D:6      | Found a runed translucent door.
  6725 | D:6      | Found a runed translucent gate.
  6725 | D:6      | Found a runed translucent gate.
  6726 | D:6      | Found a runed translucent door.
  6738 | D:6      | Found a runed translucent gate.
  6748 | D:6      | Learned a level 5 spell: Lightning Bolt
  6798 | D:6      | Reached skill level 7 in Air Magic
  7018 | D:6      | Reached skill level 5 in Conjurations
  7201 | D:6      | Reached skill level 5 in Spellcasting
  7537 | D:6      | Reached skill level 8 in Air Magic
  7902 | D:6      | Noticed Menkaure
  7909 | D:6      | Killed Menkaure
  7910 | D:6      | Reached XP level 9. HP: 62/62 MP: 1/20
  8324 | D:6      | Found a staircase to the Ecumenical Temple.
  9101 | D:7      | Noticed Duvessa
  9101 | D:7      | Noticed Dowan
  9109 | D:7      | Killed Dowan
  9114 | D:7      | Killed Duvessa
  9276 | D:7      | Reached skill level 9 in Air Magic
  9312 | D:7      | Noticed Joseph
  9318 | D:7      | Killed Joseph
  9957 | D:7      | Noticed Harold
 10165 | D:7      | Killed Harold
 10309 | D:7      | Reached skill level 10 in Air Magic
 10564 | D:7      | Reached XP level 10. HP: 69/69 MP: 23/23
 11326 | D:8      | Found a staircase to the Lair.
 11662 | D:8      | You fall into a shaft and drop 2 floors!
 11662 | D:10     | Entered Level 10 of the Dungeon
 11683 | D:10     | Noticed a two-headed ogre
 11688 | D:10     | Killed a two-headed ogre
 12243 | D:10     | Noticed Erolcha
 12307 | D:9      | Noticed a two-headed ogre
 12311 | D:9      | Killed a two-headed ogre
 12312 | D:9      | Reached skill level 11 in Air Magic
 12855 | D:9      | Found a runed translucent door.
 12858 | D:9      | Noticed HoaS's ghost (novice DgGl)
 13338 | D:9      | Noticed a two-headed ogre
 13358 | D:9      | Killed a two-headed ogre
 13397 | D:9      | Reached skill level 1 in Evocations
 13826 | D:9      | Learned a level 3 spell: Mephitic Cloud
 13914 | D:9      | Learned a level 5 spell: Iskenderun's Battlesphere
 14537 | D:6      | Reached XP level 11. HP: 56/74 MP: 10/26
 16026 | D:11     | Found a flagged portal.
 16058 | D:11     | Reached skill level 1 in Poison Magic
 16134 | Bailey   | Entered a bailey
 16383 | Bailey   | Learned a level 2 spell: Blink
 16878 | D:11     | Noticed a skeletal warrior
 16878 | D:11     | Noticed a skeletal warrior
 16878 | D:11     | Noticed a skeletal warrior
 16886 | D:11     | Killed a skeletal warrior
 17398 | D:11     | Noticed Maurice
 17403 | D:11     | Killed Maurice
 17404 | D:11     | Reached skill level 12 in Air Magic
 17478 | D:11     | Noticed a two-headed ogre
 17484 | D:11     | Killed a two-headed ogre
 17908 | D:11     | Noticed a skeletal warrior
 17911 | D:11     | Killed a skeletal warrior
 18054 | D:11     | Noticed Josephine
 18058 | D:11     | Killed Josephine
 18228 | D:11     | Noticed a two-headed ogre
 18230 | D:11     | Killed a two-headed ogre
 18533 | D:11     | Killed a skeletal warrior
 18534 | D:11     | Killed a skeletal warrior
 18640 | D:12     | Reached XP level 12. HP: 81/81 MP: 5/28
 19073 | D:12     | Identified the amulet of Lelil {Faith Int+3 Stlth+}
 19094 | D:12     | Noticed a four-headed hydra
 19099 | D:12     | Killed a four-headed hydra
 19619 | D:12     | Found a staircase to the Orcish Mines.
 20694 | Orc:1    | Entered Level 1 of the Orcish Mines
 21270 | Orc:2    | Entered Level 2 of the Orcish Mines
 21283 | Orc:2    | Found a gate leading to a gauntlet.
 21291 | Orc:2    | Reached skill level 5 in Evocations
 21292 | Orc:2    | Reached skill level 13 in Air Magic
 21302 | Gauntlet | Entered a Gauntlet
 21302 | Gauntlet | Found a transporter.
 21302 | Gauntlet | Found a transporter.
 21418 | Gauntlet | Found a transporter.
 21422 | Gauntlet | Found a transporter.
 21432 | Gauntlet | Found a transporter.
 21435 | Gauntlet | Noticed a death ooze
 21436 | Gauntlet | Found a transporter.
 21448 | Gauntlet | Found a transporter.
 21452 | Gauntlet | Noticed an entropy weaver
 21468 | Gauntlet | Found a transporter.
 21485 | Gauntlet | Found a transporter.
 21489 | Gauntlet | Found a transporter.
 21503 | Gauntlet | Found a transporter.
 21503 | Gauntlet | Found a transporter.
 21638 | Gauntlet | Killed a death ooze
 21699 | Gauntlet | Killed an entropy weaver
 21709 | Gauntlet | Identified the ring "Jiekuh" {AC+4 Slay+3}
 21818 | Gauntlet | Noticed a minotaur
 21840 | Gauntlet | Killed a minotaur
 22306 | Orc:2    | Found Umituo's Antique Armour Emporium.
 22539 | Orc:2    | Noticed an orc warlord
 22558 | Orc:2    | Killed an orc warlord
 22814 | Orc:2    | Reached skill level 5 in Poison Magic
 23833 | Orc:2    | Found a staircase to the Elven Halls.
 23966 | Orc:2    | Reached XP level 13. HP: 86/86 MP: 20/30
 24140 | Orc:2    | Found Tit Xott's Antique Weapon Boutique.
 24588 | Orc:1    | Found Kiufiniag's Magic Scroll Emporium.
 24596 | Orc:1    | Bought a scroll of identify for 28 gold pieces
 24596 | Orc:1    | Bought a scroll of blinking for 105 gold pieces
 24596 | Orc:1    | Bought a scroll of teleportation for 42 gold pieces
 24596 | Orc:1    | Bought a scroll of fear for 49 gold pieces
 24596 | Orc:1    | Bought a scroll of identify for 28 gold pieces
 24596 | Orc:1    | Bought a scroll of amnesia for 49 gold pieces
 24596 | Orc:1    | Bought a scroll of random uselessness for 14 gold pieces
 25307 | Orc:2    | Noticed an orc warlord
 26098 | Orc:2    | Killed an orc warlord
 26099 | Orc:2    | Reached skill level 10 in Conjurations
 26269 | Orc:2    | Found Haori's Antique Weapon Emporium.
 26271 | Orc:2    | Found Sinuhe's Antique Armour Shoppe.
 26579 | Lair:1   | Entered Level 1 of the Lair of Beasts
 27816 | Lair:2   | Found a runed translucent gate.
 27816 | Lair:2   | Found a runed translucent gate.
 27816 | Lair:2   | Found a runed translucent gate.
 27817 | Lair:2   | Noticed semitonal's ghost (journeyman MfGl)
 28190 | Lair:2   | Reached skill level 14 in Air Magic
 28425 | Lair:2   | Noticed Maggie
 28428 | Lair:2   | Killed Maggie
 28609 | Lair:2   | You fall into a shaft and drop 1 floor!
 28676 | Lair:3   | Noticed Snorg
 28684 | Lair:3   | Killed Snorg
 29174 | Lair:3   | Found a staircase to the Snake Pit.
 30139 | Lair:3   | Found a staircase to the Swamp.
 30735 | Lair:4   | Noticed Sonja
 30737 | Lair:4   | Killed Sonja
 31517 | Lair:4   | Reached skill level 1 in Staves
 31960 | Lair:5   | Reached XP level 14. HP: 75/93 MP: 1/32
 32543 | Lair:5   | Reached skill level 10 in Spellcasting
 33149 | Lair:5   | Found a staircase to the Slime Pits.
 33779 | Lair:6   | Entered Level 6 of the Lair of Beasts
 37001 | Lair:6   | Reached skill level 15 in Air Magic
 37001 | Lair:6   | Reached skill level 10 in Evocations
 38633 | Lair:2   | Killed semitonal's ghost
 39018 | Elf:1    | Entered Level 1 of the Elven Halls
 40984 | Elf:1    | Reached XP level 15. HP: 45/99 MP: 1/34
 41751 | Elf:1    | Identified Javoxuoc's Almanac of Creation
 41805 | Elf:1    | Reached skill level 5 in Staves
 41810 | Elf:1    | Learned a level 4 spell: Summon Lightning Spire
 42467 | Lair:1   | Identified the +4 short sword of Mouguv {vorpal, rC+ Will+}
 42697 | Orc:1    | Bought a scroll of identify for 28 gold pieces
 42697 | Orc:1    | Bought a scroll of enchant armour for 105 gold pieces
 43227 | D:13     | Noticed Urug
 43229 | D:13     | Killed Urug
 43231 | D:13     | Noticed Frances
 43250 | D:13     | Gained mutation: Scrolls take you a little longer to read.
                  | [a neqoxec]
 43258 | D:13     | Killed Frances
 43872 | D:13     | Found a gate to the Vaults.
 44646 | D:13     | Reached skill level 16 in Air Magic
 44809 | D:14     | Noticed Roxanne
 44818 | D:14     | HP: 1/99 [centaur/arrow[a centaur warrior] (14)]
 45543 | D:14     | HP: 4/99 [tyrant leech (7)]
 46009 | D:14     | Paralysed by a vampire knight for 5 turns
 46027 | D:14     | Lost mutation: Scrolls take you a little longer to read.
                  | [potion of mutation]
 46027 | D:14     | Gained mutation: You have a pair of small horns on your
                  | head. [potion of mutation]
 46027 | D:14     | Gained mutation: You can translocate small distances at
                  | will. [potion of mutation]
 46027 | D:14     | Gained mutation: Your mind is acute. (Int +2) [potion of
                  | mutation]
 46032 | D:14     | Paralysed by a vampire knight for 3 turns
 46343 | D:14     | Noticed Rupert
 46347 | D:14     | Killed Rupert
 46664 | D:14     | Found the +12 Vampire's Tooth {vamp}
 48679 | D:14     | Learned a level 7 spell: Orb of Destruction
 49063 | D:14     | Killed Roxanne
 49307 | D:15     | Entered Level 15 of the Dungeon
 49786 | D:15     | Reached skill level 1 in Fighting
 49786 | D:15     | Reached skill level 1 in Maces & Flails
 50449 | Orc:2    | Bought an emerald-encrusted scale mail for 225 gold pieces
 50449 | Orc:2    | Identified the +0 scale mail "Put-Me-On" {Str+5} (You
                  | bought it in a shop on level 2 of the Orcish Mines)
 51077 | Elf:2    | Reached XP level 16. HP: 62/106 MP: 17/36
 53604 | Elf:2    | Found a runed translucent gate.
 53604 | Elf:2    | Found a runed translucent gate.
 53605 | Elf:2    | Found a runed translucent gate.
 54137 | Swamp:1  | Entered Level 1 of the Swamp
 54144 | Swamp:1  | Reached skill level 17 in Air Magic
 56366 | Snake:1  | Entered Level 1 of the Snake Pit
 58600 | Snake:2  | Reached XP level 17. HP: 122/122 MP: 27/38
 59736 | Snake:2  | Reached skill level 5 in Maces & Flails
 64070 | Snake:4  | Entered Level 4 of the Snake Pit
 64178 | Snake:4  | Found a runed translucent gate.
 64178 | Snake:4  | Found a runed translucent gate.
 64180 | Snake:4  | Found a runed translucent gate.
 65391 | Snake:4  | Reached skill level 18 in Air Magic
 69044 | Snake:4  | Reached XP level 18. HP: 129/129 MP: 15/40
 69957 | Snake:4  | Got a serpentine rune of Zot
 71086 | Elf:3    | Entered Level 3 of the Elven Halls
 71316 | D:15     | Found a staircase to the Depths.
 71621 | D:15     | Found Hykkal's Antique Armour Shop.
 73191 | D:15     | Identified the Collected Works on Unholy Lightness
 73253 | Depths:1 | Entered Level 1 of the Depths
 73253 | Depths:1 | Noticed Bai Suzhen
 73602 | Slime:1  | Entered Level 1 of the Pits of Slime
 74984 | Slime:2  | Reached skill level 10 in Staves
 76686 | D:14     | Learned a level 9 spell: Tornado
 77345 | Slime:4  | Gained mutation: You are frail. (-10% HP) [a shining eye]
 77455 | Slime:5  | Entered Level 5 of the Pits of Slime
 77881 | Slime:5  | Gained mutation: Your spells are a little easier to cast,
                  | but a little less powerful. [a shining eye]
 78091 | Slime:5  | Reached skill level 19 in Air Magic
 78703 | Slime:5  | Noticed the Royal Jelly
 78766 | Slime:5  | HP: 4/116 [acid blob[the Royal Jelly] (6)]
 80280 | Slime:2  | Gained mutation: You tend to lose your temper in combat. [a
                  | shining eye]
 80289 | Slime:1  | Lost mutation: You are frail. (-10% HP) [potion of
                  | mutation]
 80289 | Slime:1  | Lost mutation: You tend to lose your temper in combat.
                  | [potion of mutation]
 80289 | Slime:1  | Gained mutation: Your muscles are strong. (Str +2) [potion
                  | of mutation]
 80289 | Slime:1  | Gained mutation: You are partially covered in iridescent
                  | scales. (AC +2) [potion of mutation]
 80485 | Slime:2  | Reached XP level 19. HP: 135/135 MP: 12/41
 81161 | Slime:3  | HP: 4/135 [acid blob/splash of acid (6)]
 81161 | Slime:3  | Splashed by an acid blob's acid

Illustrated notes

Levels and vault maps discovered:
D:1:      dpeg_arrival_radiant, layout_basic
D:2:      layout_rooms, tso_metal_star
D:3:      layout_loops_ring, chequers_ecumenical_altar_simple,
          chequers_serial_rivers_micro_b, uniq_jessica, uniq_grinder,
          uniq_natasha
D:4:      layout_basic, nicolae_ru_path_of_blood, kennysheep_cross_bottleneck,
          dk_noncrumbling_3
D:5:      layout_layer_cave, uniq_blork_the_orc
D:6:      layout_cave_pods, grunt_dithmenos_smoke,
          nicolae_sif_muna_condensation, trog_ov_bears_minmay,
          chequers_temple_overflow_statue_of_worship,
          nicolae_qazlal_general_emergency, amethyst_overflow_temple_binary,
          temple_fountains, serial_gnoll_camp, gnoll_camp_mini_shop,
          hangedman_decor_peaks_small, minmay_misc_feat_pillars,
          chequers_arboretum, minmay_guarded_unrand_staff_of_olgreb,
          uniq_menkaure
D:7:      layout_cave_pods, uniq_duvessa, uniq_joseph, uniq_harold
D:8:      layout_gridville, nicolae_hepliaklqana_hippocampus, marbit_many_paths,
          david_lair_shrubbed
D:9:      layout_roguey, xom_redecorated, ebering_ghost_reflecting_pool,
          hangedman_weighted_door
D:10:     layout_loops_ring, uniq_erolcha
D:11:     layout_roguey, enter_bailey_5, nemelex_diamond_rough_becter,
          uniq_maurice, uniq_josephine
D:12:     layout_long_grid, erik_orc_3
D:13:     layout_rooms, erik_vaults_1, uniq_urug, uniq_frances
D:14:     layout_stronghold, roderic_cross_of_infinity,
          minmay_guarded_unrand_vampires_tooth, uniq_roxanne, uniq_rupert
D:15:     grunt_enter_depths_snipers, layout_cave_pools, nicolae_wwwww,
          serial_shops, nicolae_shop_overgrown_old_shop,
          minmay_checkered_concentric_circles
Lair:1:   layout_hall_layers, infiniplex_staircase_pool_2
Lair:2:   layout_layer_cave, gammafunk_ghost_necromancy, lemuel_fruit_fields,
          grunt_megastairs_3, lemuel_fruit_tree, uniq_maggie
Lair:3:   layout_small_grid, minmay_swamp_entry_reptiles, dummy_snake_entry,
          lemuel_oklob_altar, serial_bayou_shore_a, infiniplex_staircase_pool,
          uniq_snorg
Lair:4:   layout_regular_city, uniq_sonja
Lair:5:   layout_loops_ring, minmay_slime_entry_jelly_boxes,
          kennysheep_catoblepas_arena, grunt_megastairs_1
Lair:6:   due_jungle_book, layout_cave_pods, columned_hall_lemuel
Swamp:1:  layout_falls_marsh, nicolae_swamp_round_clearing
Swamp:2:  layout_basic_swamp, hangedman_swamp_pad
Snake:1:  layout_chambers, special_room
Snake:2:  layout_basic
Snake:3:  layout_grid_shapes, drop_trap, hangedman_venom_bottle
Snake:4:  johnstein_snake_rune_scales, layout_chambers,
          nicolae_snake_horde_hoard, grunt_megastairs_4
Slime:1:  nicolae_slime_jelly_donut, layout_caves,
          cheibrodos_slime_lost_civilization_4
Slime:2:  layout_caves, basic_altar
Slime:3:  layout_caves, basic_altar
Slime:4:  layout_caves
Slime:5
Orc:1:    layout_caves, serial_shops, shop, nicolae_orc_sculptors_studio,
          mines4_lemuel
Orc:2:    grunt_orc_community_town_hall, layout_caves,
          grunt_orc_community_big_house_2, grunt_orc_community_big_house_1,
          grunt_orc_community_house_2, grunt_orc_community_house_1,
          grunt_orc_community_house_1, grunt_orc_community_house_3,
          grunt_orc_community_house_1, gauntlet_entry_generic,
          guppyfry_library_mini
Elf:1:    minmay_elf_arrival_circle, layout_gridlike, minmay_elf_demonology,
          st_stairs_3
Elf:2:    layout_loops_cross
Elf:3:    elf_hall, layout_loops_cross
Depths:1: layout_gridlike, enter_ziggurat_a, abyss_entry_crystal,
          minmay_misc_feat_x, hellmouth_1, serial_shops, kennysheep_mini_moat,
          okawaru_ov_weapons_minmay, uniq_bai_suzhen

Skill      XL: |  1  2  3  4  5  6  7  8  9 10 11 12 13 14 15 16 17 18 |
---------------+-------------------------------------------------------+-----
Conjurations   | 1 2 3 4 5 6 8 9 10 11 12 13 14 | 14.2
Stealth        | 2 |  2.0
Dodging        | 2 4 |  4.8
Spellcasting   | 2 3 4 5 6 7 8 9 10 11 12 13 | 13.3
Air Magic      | 3 4 5 6 8 10 11 12 13 14 15 16 17 18 19 | 19.1
Evocations     | 1 4 6 8 10 | 10.0
Poison Magic   | 3 5 6 |  6.2
Staves         | 1 4 6 8 9 10 | 10.3
Fighting       | 1 4 |  4.0
Maces & Flails | 1 4 6 8 |  8.1

Action                   |  1- 3 |  4- 6 |  7- 9 | 10-12 | 13-15 | 16-18 | 19-21 || total
-------------------------+-------+-------+-------+-------+-------+-------+-------++-------
Melee: Falchion          |       |       |    16 |       |       |       |       ||    16
       War axe           |       |       |    46 |    31 |       |       |       ||    77
       Staff             |       |       |       |    40 |    76 |    69 |       ||   185
       Morningstar       |       |       |       |       |    30 |   179 |    17 ||   226
       Headbutt          |       |       |       |       |     2 |    39 |     3 ||    44
 Cast: Shock             |    88 |   131 |    76 |    40 |    17 |     4 |       ||   356
       Static Discharge  |       |     3 |       |    13 |    23 |    23 |       ||    62
       Airstrike         |       |       |   125 |   275 |   563 |   365 |     9 ||  1337
       Lightning Bolt    |       |       |     2 |    84 |   236 |   404 |       ||   726
       Blink             |       |       |       |    27 |    16 |    14 |       ||    57
       Swiftness         |       |       |       |     3 |     6 |    11 |       ||    20
       Iskenderun's Batt |       |       |       |     1 |     3 |       |       ||     4
       Mephitic Cloud    |       |       |       |     1 |       |     1 |       ||     2
       Summon Lightning  |       |       |       |       |    16 |       |       ||    16
       Orb of Destructio |       |       |       |       |    10 |     2 |       ||    12
       Tornado           |       |       |       |       |       |    12 |       ||    12
 Abil: Blink             |       |       |       |       |     2 |     4 |       ||     6
Evoke: Staff of Olgreb   |       |       |       |    40 |    17 |     6 |       ||    63
       Wand              |       |       |       |     2 |    15 |    26 |       ||    43
       Tin of tremorston |       |       |       |       |     2 |       |       ||     2
       Box of beasts     |       |       |       |       |     3 |     2 |       ||     5
  Use: Scroll            |       |       |       |    12 |    13 |    18 |       ||    43
       Potion            |       |       |       |     1 |    22 |     6 |       ||    29
 Stab: Sleeping          |       |       |     1 |       |       |       |       ||     1
       Paralysed         |       |       |       |       |     2 |       |       ||     2
Armor: Robe              |     2 |     4 |       |    17 |    74 |    15 |       ||   112
       Leather armour    |       |       |    38 |    21 |       |       |       ||    59
       Skin              |       |       |       |       |    47 |       |       ||    47
       Swamp dragon scal |       |       |       |       |       |   158 |       ||   158
       Acid dragon scale |       |       |       |       |       |    92 |     5 ||    97
Dodge: Dodged            |    11 |    10 |    62 |   100 |   188 |   270 |     8 ||   649
       Rpst.: Falchion   |       |       |     8 |       |       |       |       ||     8

Table legend: (Time is in decaauts)
 A = Elapsed time spent in this place.
 B = Non-inter-level travel time spent in this place.
 C = Inter-level travel time spent in this place.
 D = Time resting spent in this place.
 E = Time spent auto-exploring this place.
 F = Levels seen in this place.
 G = Mean time per level.
                   A        B        C        D        E       F      G
               +--------+--------+--------+--------+--------+-----+--------+
         Total |  81480 |  76372 |   5108 |  31361 |  36660 |  40 | 2037.0 |
       Dungeon |  32351 |  29394 |   2957 |  10153 |  16092 |  15 | 2156.7 |
          Lair |  14990 |  13831 |   1159 |   5247 |   7390 |   6 | 2498.3 |
         Swamp |   1601 |   1538 |     63 |    601 |    717 |   2 |  800.5 |
     Snake Pit |  14481 |  14191 |    290 |   5882 |   6869 |   4 | 3620.2 |
    Slime Pits |   5428 |   5300 |    128 |   3732 |    922 |   5 | 1085.6 |
  Orcish Mines |   6052 |   5691 |    361 |   2221 |   2804 |   2 | 3026.0 |
   Elven Halls |   5181 |   5033 |    148 |   3086 |   1380 |   3 | 1727.0 |
        Depths |      6 |      6 |      0 |      0 |      0 |   1 |    6.0 |
        Bailey |    517 |    517 |      0 |     36 |    218 |   1 |  517.0 |
      Gauntlet |    868 |    868 |      0 |    402 |    268 |   1 |  868.0 |
               +--------+--------+--------+--------+--------+-----+--------+

Top non-repeatable levels by time:
 Snake:4: 4873 daAuts
   Orc:2: 4821 daAuts
    D:14: 4464 daAuts
   Elf:1: 4128 daAuts
 Snake:2: 3675 daAuts
    D:12: 3380 daAuts
  Lair:5: 3352 daAuts
  Lair:6: 3213 daAuts
 Snake:1: 3190 daAuts
     D:6: 3037 daAuts
  Lair:3: 3023 daAuts
    D:13: 2915 daAuts
 Snake:3: 2742 daAuts
    D:11: 2709 daAuts
  Lair:2: 2433 daAuts
